 Dungeon Crawl Stone Soup version 0.29-a0-870-g2c972031a6 (webtiles) character file.

Game seed: 13438697235795877920

901 scionoferis the Chiller (level 7, 0/46 HPs)
             Began as a Demonspawn Ice Elementalist on July 17, 2022.
             Succumbed to Blork the orc's poison
             ... on level 5 of the Dungeon.
             The game lasted 00:12:43 (4864 turns).

scionoferis the Chiller (DsIE)                      Turns: 4864, Time: 00:12:44

Health: 0/46       AC: 11    Str:  8    XL:     7   Next: 80%
Magic:  16/21      EV: 12    Int: 21    God:
Gold:   198        SH:  0    Dex: 13    Spells: 2/13 levels left

rFire   . . .      SeeInvis .   a - +1 short sword (speed)
rCold   . . .      Faith    .   (no shield)
rNeg    . . .      Spirit   .   f - +0 robe
rPois   .          Reflect  .   (no helmet)
rElec   .          Harm     .   o - +0 cloak
rCorr   .          Rampage  .   (no gloves)
Will    +....                   p - +0 pair of boots
Stlth   +++.......              (no amulet)
HPRegen 0.15/turn               q - ring of willpower
MPRegen 0.17/turn               r - ring of magical power

@: lethally poisoned (0 -> -20), ice-armoured, freezing walls, hasted, very
quick
A: claws 1, big brain 1, demonic magic 1
a: no special abilities


You were on level 5 of the Dungeon.
You visited 1 branch of the dungeon, and saw 5 of its levels.

You collected 198 gold pieces.

Inventory:

Hand Weapons
 a - a +1 short sword of speed (weapon)
 e - a +0 short sword
 u - a +0 sling
 w - a +1 whip of draining
Missiles
 d - 38 stones
 m - 6 poisoned darts (quivered)
 v - 5 curare-tipped darts
Armour
 f - a +0 robe (worn)
 o - a +0 cloak (worn)
 p - a +0 pair of boots (worn)
Jewellery
 q - a ring of willpower (left claw)
 r - a ring of magical power (right claw)
Wands
 y - a wand of flame (11)
Scrolls
 c - 3 scrolls of identify {unknown}
 h - 3 scrolls of noise {unknown}
 l - a scroll of brand weapon {unknown}
 n - a scroll of fog {unknown}
 s - a scroll of teleportation {unknown}
 t - a scroll of blinking {unknown}
Potions
 b - a potion of magic
 g - a potion of lignification {unknown}
 i - 2 potions of haste
 j - 2 potions of curing {unknown}
 k - 2 potions of heal wounds {unknown}
 x - a potion of invisibility {unknown}


   Skills:
 * Level 3.5 Short Blades
 - Level 1.7 Dodging
 * Level 4.3 Stealth
 + Level 3.9 Spellcasting
 * Level 1.3 Conjurations
 + Level 6.1 Ice Magic


You had 2 spell levels left.
You knew the following spells:

 Your Spells              Type           Power      Damage    Failure   Level
a - Freeze                Ice            100%       1d11      1%          1
b - Frozen Ramparts       Ice            58%        1d7       3%          3
c - Ozocubu's Armour      Ice            29%        N/A       3%          3
d - Hailstorm             Conj/Ice       19%        3d6       26%         4

Your spell library contained the following spells:

 Spells                   Type           Power      Damage    Failure   Level
 Confusing Touch          Hex            4%         N/A       36%         3
 Yara's Violent Unravell  Hex/Tmut       2%         3d3       98%         5
 Enfeeble                 Hex            2%         N/A       100%        7


Dungeon Overview and Level Annotations

Branches:
Dungeon (5/15)
 Temple: D:4-7

Altars:
Gozag


Innate Abilities, Weirdness & Mutations

You have sharp fingernails.
You have an unusually large brain. (Int +2)
Spells you cast may paralyse adjacent enemies.


Message History

Blork the orc is moderately wounded.
The wall freezes Blork the orc.
Blork the orc looks encouraged for a moment.
You hit Blork the orc but do no damage.
Blork the orc is moderately wounded.
The wall freezes Blork the orc.
Blork the orc hits you with a +2 short sword of venom.
You barely miss Blork the orc.
Blork the orc is moderately wounded.
The wall freezes Blork the orc.
Blork the orc points at you and mumbles some strange words.
The magic dart hits you.
You hit Blork the orc but do no damage.
Blork the orc is moderately wounded.
The wall freezes Blork the orc.
Blork the orc misses you.
You hit Blork the orc.
Blork the orc is heavily wounded.
The wall freezes Blork the orc.
Blork the orc hits you but does no damage.
You are poisoned.
You closely miss Blork the orc.
Blork the orc is severely wounded.
You feel sick.
The wall freezes Blork the orc.
Blork the orc hits you with a +2 short sword of venom!
You are lethally poisoned!
It was a potion of haste.
You feel yourself speed up.
* * * LOW HITPOINT WARNING * * *
You feel very sick.
The wall freezes Blork the orc.
Blork the orc hits you but does no damage.
You are more poisoned.
You hit Blork the orc.
Blork the orc is almost dead.
* * * LOW HITPOINT WARNING * * *
You feel sick.
The wall freezes Blork the orc.
You kill Blork the orc!
Okay, then.
* * * LOW HITPOINT WARNING * * *
You feel very sick.
You die...

. ≈≈ .P. . ..[. ♣♣.♣♣ ..
...♣♣P..♣♣.P. ..# ♣.♣P...P♣.♣ ..#
♣P..._....♣ ..# #♣.♣P...P♣.♣. ..#
########### #P.♣♣P..♣♣oP. ..#
#.........# #.P.♣♣.♣♣...# ..#
#........@# #≈≈...P..P≈≈#
..######........)####≈≈..♣♣♣P.≈≈#
.........<...........o#### #####
.##......[............#
.##...................#
.##.......######......#
.##.......# #......# †##.......#
#......# .##.......# #......#


There were no monsters in sight!

Vanquished Creatures
  2 black bears (D:5)
  A phantom (D:5)
  Blork the orc (D:5)
  2 scorpions (D:5)
  A howler monkey (D:4)
  2 hounds
  A jelly (D:4)
  An orc priest (D:4)
  Jessica (D:2)
  An iguana (D:4)
  7 gnolls
  8 adders
  2 worms
  4 dart slugs
  4 orcs
  9 ball pythons
  8 bats
  6 endoplasms
  8 giant cockroaches
  6 goblins
  7 hobgoblins
  3 jackals
  6 quokkas
  3 frilled lizards
  6 kobolds
  5 rats
105 creatures vanquished.

Vanquished Creatures (others)
  A plant (D:5)
1 creature vanquished.

Grand Total: 106 creatures vanquished

Notes
Turn   | Place    | Note
-------+----------+-------------------------------------------
     0 | D:1      | scionoferis the Demonspawn Ice Elementalist began the quest
                  | for the Orb.
     0 | D:1      | Reached XP level 1. HP: 13/13 MP: 3/3
   316 | D:1      | Gained mutation: Spells you cast may paralyse adjacent
                  | enemies. [demonic ancestry]
   316 | D:1      | Reached XP level 2. HP: 14/19 MP: 0/5
   442 | D:1      | Reached skill level 4 in Ice Magic
   797 | D:1      | Gained mutation: You have sharp fingernails. [demonic
                  | ancestry]
   797 | D:1      | Reached XP level 3. HP: 16/24 MP: 0/6
  1246 | D:1      | Learned a level 3 spell: Frozen Ramparts
  1250 | D:1      | Learned a level 3 spell: Ozocubu's Armour
  1744 | D:2      | Gained mutation: You have an unusually large brain. (Int
                  | +2) [demonic ancestry]
  1744 | D:2      | Reached XP level 4. HP: 30/30 MP: 1/8
  2245 | D:2      | Reached skill level 5 in Ice Magic
  2245 | D:2      | Found a faded altar of an unknown god.
  2366 | D:2      | Noticed Jessica
  2373 | D:2      | Killed Jessica
  2374 | D:2      | Reached skill level 1 in Short Blades
  2374 | D:2      | Reached XP level 5. HP: 35/35 MP: 5/9
  3846 | D:4      | Reached XP level 6. HP: 36/41 MP: 10/10
  4287 | D:4      | Found an opulent altar of Gozag.
  4455 | D:5      | Entered Level 5 of the Dungeon
  4461 | D:5      | Reached XP level 7. HP: 45/46 MP: 12/12
  4699 | D:5      | Reached skill level 6 in Ice Magic
  4710 | D:4      | Learned a level 4 spell: Hailstorm
  4788 | D:5      | Reached skill level 1 in Conjurations
  4838 | D:5      | Noticed Blork the orc
  4862 | D:5      | Killed Blork the orc
  4864 | D:5      | Succumbed to Blork the orc's poison

Illustrated notes

Levels and vault maps discovered:
D:1:      dpeg_arrival_rooms_b, layout_loops_cross, minmay_misc_feat_plants,
          minmay_ruptured
D:2:      layout_loops_ring, shapermc_ecumenical_altar_notcrosses,
          kennysheep_generic_room_11, uniq_jessica
D:3:      layout_basic, corexii_hall_statues_x
D:4:      layout_loops_cross, kennysheep_mini
D:5:      layout_basic, ashenzari_altar_1, nicolae_elyvilon_peaceful_grove,
          minmay_temple_entry_ruins, serial_bayou_pond_c, uniq_blork_the_orc

Skill      XL: |  1  2  3  4  5  6  7 |
---------------+----------------------+-----
Ice Magic      | 4 5 6 |  6.1
Spellcasting   | 3 |  3.9
Stealth        | 2 3 4 |  4.3
Short Blades   | 1 2 3 |  3.5
Conjurations   | 1 |  1.3
Dodging        | |  1.7

Action                   |  1- 3 |  4- 6 |  7- 9 || total
-------------------------+-------+-------+-------++-------
Melee: Unarmed           |     1 |       |       ||     1
       Short sword       |    77 |   113 |    31 ||   221
       Punch             |     1 |     2 |     1 ||     4
Throw: Dart              |       |     3 |       ||     3
 Cast: Freeze            |    35 |     5 |       ||    40
       Frozen Ramparts   |     4 |    19 |     6 ||    29
       Ozocubu's Armour  |       |     2 |     3 ||     5
  Use: Potion            |       |       |     1 ||     1
 Stab: Paralysed         |     7 |     5 |     2 ||    14
       Sleeping          |     3 |    13 |     1 ||    17
Armor: Robe              |    18 |    14 |    10 ||    42
Dodge: Dodged            |    56 |    51 |    15 ||   122

Table legend: (Time is in decaauts)
 A = Elapsed time spent in this place.
 B = Non-inter-level travel time spent in this place.
 C = Inter-level travel time spent in this place.
 D = Time resting spent in this place.
 E = Time spent auto-exploring this place.
 F = Levels seen in this place.
 G = Mean time per level.
                   A        B        C        D        E       F      G
               +--------+--------+--------+--------+--------+-----+--------+
         Total |   4803 |   4646 |    157 |    802 |   3008 |   5 |  960.6 |
       Dungeon |   4803 |   4646 |    157 |    802 |   3008 |   5 |  960.6 |
               +--------+--------+--------+--------+--------+-----+--------+

Top non-repeatable levels by time:
     D:1: 1508 daAuts
     D:2: 1083 daAuts
     D:4: 1030 daAuts
     D:3: 818 daAuts
     D:5: 360 daAuts
